 Dungeon Crawl Stone Soup version 0.18.1-50-g88ac8fd (webtiles) character file.

70599 dvd the Imperceptible (level 14, -4/60 HPs)
             Began as a Felid Enchanter on Oct 12, 2016.
             Was the Champion of Dithmenos.
             Killed from afar by Arachne (35 damage)
             ... with a poison arrow
             ... on level 2 of the Spider Nest on Oct 13, 2016.
             The game lasted 03:24:52 (40959 turns).

dvd the Imperceptible (Felid Enchanter)            Turns: 40959, Time: 03:24:53

Health: -4/60      AC:  3    Str:  5    XL:     14   Next: 94%
Magic:  17/31      EV: 26    Int: 20    God:    Dithmenos [******]
Gold:   2265       SH:  0    Dex: 19    Spells: 9 memorised, 0 levels left
                                        Lives:  0   Deaths: 3

rFire  + . .     SeeInvis +       - Unarmed
rCold  + . .     Gourm    .     (armour unavailable)
rNeg   . . .     Faith    .     (shield unavailable)
rPois  .         Spirit   .     (helmet unavailable)
rElec  .         Dismiss  .     (cloak unavailable)
rCorr  .         Reflect  .     (gloves unavailable)
SustAt .         Harm     .     (boots unavailable)
MR     ++...                    e - amulet of magic regeneration
Stlth  ++++++++++               X - +5 ring of slaying
                                k - ring of wizardry

@: lethally poisoned (-4 -> -29), about to teleport, wreathed by umbra, quick,
very resistant to hostile enchantments, uncannily stealthy
A: no armour, no weapons or thrown items, claws 1, fangs 3, see invisible,
carnivore 3, fire resistance 1, speed 1, shaggy fur 3, slow metabolism 1, sharp
paws
a: Shadow Step, Shadow Form, Renounce Religion


You were on level 2 of the Spider Nest.
You worshipped Dithmenos.
Dithmenos was exalted by your worship.
You were not hungry.

You visited 6 branches of the dungeon, and saw 30 of its levels.
You also visited: Labyrinth and Ice Cave.

You collected 2736 gold pieces.
You spent 471 gold pieces at shops.

Inventory:

Jewellery
 e - an amulet of magic regeneration (around neck)
 k - a ring of wizardry (left paw)
 p - a +3 amulet of reflection
 q - an uncursed ring of protection from cold
 I - an uncursed ring of resist corrosion
 N - an uncursed amulet of guardian spirit
 S - an uncursed ring of protection from fire
 X - a +5 ring of slaying (right paw)
Wands
 v - a wand of teleportation (9/9)
 x - a wand of disintegration (9/24)
 C - a wand of enslavement (16/24)
 F - a wand of paralysis (16/24)
 O - a wand of digging (9/24)
 P - a wand of iceblast (10/15)
 Q - a wand of slowing (34/48)
 R - a wand of confusion (29/48)
 T - a wand of lightning (4/15)
 W - a wand of confusion (35/48)
 Z - a wand of iceblast (5/15)
Scrolls
 c - 2 scrolls of teleportation
 g - 13 scrolls of remove curse
 i - 18 scrolls of identify
 j - 2 scrolls of silence
 m - 5 scrolls of recharging
 t - a scroll of fear
 w - a scroll of blinking
 B - 2 scrolls of magic mapping
 E - 3 scrolls of amnesia
 G - 4 scrolls of fog
 L - 2 scrolls of holy word
Potions
 f - 2 potions of agility
 l - 2 potions of magic
 s - a potion of curing
 u - a potion of resistance
 z - 3 potions of flight
 H - 4 potions of brilliance
Books
 a - a book of Maledictions

   Spells                             Type                      Level
   a - Corona                         Hexes                        1
   b - Ensorcelled Hibernation        Hexes/Ice                    2
   c - Confuse                        Hexes                        3
   d - Tukima's Dance                 Hexes                        3
   e - Dazzling Spray                 Conjuration/Hexes            3
 d - a book of Transfigurations

   Spells                             Type                      Level
   a - Irradiate                      Conjuration/Transmutation    5
   b - Statue Form                    Transmutation/Earth          6
   c - Hydra Form                     Transmutation                6
   d - Dragon Form                    Transmutation                7
 y - a book of Death

   Spells                             Type                      Level
   a - Corpse Rot                     Necromancy                   2
   b - Sublimation of Blood           Necromancy                   2
   c - Agony                          Necromancy                   5
   d - Dispel Undead                  Necromancy                   5
   e - Excruciating Wounds            Charms/Necromancy            5
   f - Bolt of Draining               Conjuration/Necromancy       5
 J - a book of Annihilations

   Spells                             Type                      Level
   a - Poison Arrow                   Conjuration/Poison           6
   b - Chain Lightning                Conjuration/Air              8
   c - Lehudib's Crystal Spear        Conjuration/Earth            8
   d - Glaciate                       Conjuration/Ice              9
   e - Fire Storm                     Conjuration/Fire             9
 K - a book of Enchantments

   Spells                             Type                      Level
   a - Cause Fear                     Hexes                        4
   b - Yara's Violent Unravelling     Hexes/Transmutation          5
   c - Silence                        Hexes/Air                    5
   d - Deflect Missiles               Charms/Air                   6
   e - Haste                          Charms                       6
   f - Discord                        Hexes                        8
 M - a book of Callings

   Spells                             Type                      Level
   a - Summon Small Mammal            Summoning                    1
   b - Call Imp                       Summoning                    2
   c - Call Canine Familiar           Summoning                    3
   d - Summon Guardian Golem          Hexes/Summoning              3
   e - Summon Lightning Spire         Summoning/Air                4
   f - Summon Ice Beast               Ice/Summoning                4
 Y - a book of the Earth

   Spells                             Type                      Level
   a - Leda's Liquefaction            Hexes/Earth                  4
   b - Bolt of Magma                  Conjuration/Fire/Earth       5
   c - Statue Form                    Transmutation/Earth          6
   d - Iron Shot                      Conjuration/Earth            6
   e - Shatter                        Earth                        9
Miscellaneous
 U - a plain deck of wonders {drawn: 1}
Comestibles
 b - 15 meat rations
 h - 7 beef jerkies
 n - 8 slices of pizza
 o - 3 royal jellies


   Skills:
 + Level 6.3 Fighting
 + Level 9.1 Dodging
 + Level 21.0 Stealth
 + Level 7.7 Unarmed Combat
 + Level 12.7 Spellcasting
 + Level 2.7 Conjurations
 * Level 18.8 Hexes
 * Level 9.8 Charms
 + Level 1.7 Summonings
 + Level 7.9 Ice Magic
 + Level 6.1 Air Magic
 + Level 1.1 Invocations


You couldn't memorise any spells.
You knew the following spells:

 Your Spells              Type           Power        Failure   Level  Hunger
a - Yara's Violent Unrav  Hex/Trmt       ######....   1%          5    ####...
b - Ensorcelled Hibernat  Hex/Ice        ######       1%          2    None
c - Confuse               Hex            ######..     0%          3    None
d - Tukima's Dance        Hex            ######..     0%          3    None
e - Dazzling Spray        Conj/Hex       ######       1%          3    None
f - Deflect Missiles      Chrm/Air       #####.....   14%         6    #####..
g - Discord               Hex            ######....   9%          8    #######
h - Summon Ice Beast      Ice/Summ       ####....     4%          4    None
i - Summon Lightning Spi  Summ/Air       ####....     4%          4    None


Dungeon Overview and Level Annotations

Branches:
Dungeon (15/15)            Temple (1/1) D:5            Lair (8/8) D:10
 Shoals (2/4) Lair:3       Spider (2/4) Lair:5        Slime (0/6) Lair:8
    Orc (2/2) D:10            Elf (0/3) Orc:2        Vaults (0/5) D:14
 Depths (0/5) D:15

Altars:
Ashenzari
Cheibriados
Dithmenos
Elyvilon
Fedhas
Gozag
Kikubaaqudgha
Makhleb
Nemelex Xobeh
Okawaru
Pakellas
Qazlal
Ru
Sif Muna
Trog
Vehumet
Xom
Yredelemnul
Zin
The Shining One
Beogh

Shops:
D:6 (   D:10 [(   D:12 [   D:13 *   Orc:2 ([*=

Portals:
Hell: Lair:8

Annotations:
Spider:2 Arachne


Innate Abilities, Weirdness & Mutations

You cannot wear armour.
You are incapable of wielding weapons or throwing items.
You have sharp claws.
You have razor-sharp teeth.
You have supernaturally acute eyesight.
You are carnivorous and can eat meat at any time.
You cover ground quickly.
Your thick and shaggy fur keeps you warm (AC +3, rC+).
You have a slow metabolism.
Your sharp claws are effective at attacking unaware monsters.
Your flesh is heat resistant.


Message History

Unknown command.
Read which item? (? for menu, Esc to quit)
As you read the scroll of teleportation, it crumbles to dust.
You feel strangely unstable.
Unknown command.
Drink which item? (? for menu, Esc to quit)
You feel much better.
Arachne hits you with a staff of poison!
You are poisoned.
Unknown command.
The web tears apart.
You feel sick.
The orb spider barely misses Arachne.
Arachne's staff shoots out a stream of webbing.
You deflect the stream of webbing!
You feel less protected from missiles.
Unknown command.
Arachne casts a spell at you. The poison arrow hits you!
You are more poisoned.
Ouch! That really hurt!
You die...

..........
........
#....#
#§§§##
#§§§.#
##§§§## #
##§§H§# #s
#s§§§## #..
#.s§@# #.ss
#....##
#^..##.....#
#.........#
#.........#
###..#...##
#####..#
#..# #....


You could see Arachne and an orb spider (confused).

Vanquished Creatures
  Kirke (D:15)
  Roxanne (D:15)
  Agnes (D:15)
  Maud (Lair:5)
  An orc warlord (Orc:2)
  The ghost of HopefulHyena the Severer, a journeyman MiBe of Trog (IceCv)
  Nessos (Lair:5)
  A dire elephant (D:15)
  Snorg (D:13)
  Josephine (Orc:1)
  A minotaur (Lab)
  A vault guard (D:14)
  2 merfolk impalers (Shoals:2)
  A hell beast (Lair:8)
  Fannar (Lair:3)
  Erica (Orc:1)
  9 hydras
  A merfolk avatar (Shoals:1)
  2 centaur warriors
  10 death yaks
  3 orc high priests (Orc:2)
  A spriggan (Lair:5)
  The ghost of RudyRod the Covert, a novice NaFi (D:8)
  3 skeletal warriors (D:12)
  The ghost of Uberchile the Thaumaturge, a novice FeFE of Makhleb (IceCv)
  4 sea snakes
  An unseen horror (D:14)
  8 hill giants
  An orc knight (Orc:2)
  A deep elf mage (D:15)
  2 wolf spider zombies (D:14)
  2 wizards
  5 ugly things
  12 wolf spiders
  5 cyclopes
  3 orb spiders
  4 orc sorcerers (Orc:2)
  9 griffons
  2 fauns
  6 manticores
  A centaur zombie (D:13)
  6 black mambas
  A molten gargoyle (Lair:1)
  4 orange demons
  11 elephants
  4 ice statues (IceCv)
  2 water nymphs (Shoals:1)
  An eye of devastation (shapeshifter) (D:14)
  9 spiny frogs
  4 rime drakes
  A torpor snail (Spider:2)
  4 kobold demonologists
  13 ice devils
  A tengu conjurer (D:14)
  14 komodo dragons
  A hellwing (Lair:8)
  4 demonic crawlers
  6 trolls
  4 jumping spiders
  6 merfolk
  A red devil (Lair:8)
  A wind drake (Shoals:1)
  2 wolf spider simulacra
  8 slime creatures
  2 boulder beetles
  7 polar bears
  25 blink frogs
  6 tarantellas
  21 redbacks
  10 water elementals
  4 wraiths (Orc:1)
  10 centaur simulacra
  2 vampires
  A shadow (D:15)
  4 basilisks
  77 yaks
  12 hippogriffs
  A hungry ghost (D:7)
  9 vampire mosquitoes
  A hog (D:15)
  Grum (D:8)
  A steam dragon (D:12)
  A mottled dragon (D:14)
  A soldier ant (D:10)
  4 wargs
  12 water moccasins
  20 porcupines
  The ghost of RudyRod the Skirmisher, an amateur NaFi (D:3)
  28 orc warriors
  2 sky beasts
  A wasp (Lair:5)
  3 eyes of draining
  14 ogres
  4 black bears
  11 ice beasts
  6 phantoms
  25 wolves
  3 centaurs
  25 crocodiles
  7 big kobolds
  23 giant frogs
  2 wyvern skeletons
  A scorpion (D:7)
  7 killer bees
  3 wights
  5 electric eels
  10 howler monkeys
  6 crimson imps
  A wyvern simulacrum (D:13)
  2 draconian simulacra (IceCv)
  2 giant frog zombies
  7 hounds
  2 quasits
  Crazy Yiuf (D:6)
  26 orc priests
  2 giant frog skeletons
  A gnoll shaman (D:9)
  3 jellies
  32 orc wizards
  8 centaur skeletons
  An iron imp (D:13)
  5 iguanas
  5 hell rats (Lair:4)
  13 worker ants
  A killer bee zombie (D:6)
  A troll simulacrum (IceCv)
  20 sheep
  2 giant frog simulacra (D:13)
  A hound zombie (D:8)
  A hound skeleton (D:7)
  A worker ant zombie (D:5)
  10 gnolls
  14 adders
  34 river rats
  3 ogre simulacra (IceCv)
  5 shadow imps
  18 white imps
  4 ufetubi
  An adder skeleton (D:5)
  2 adder zombies (D:5)
  A worm (D:3)
  A dart slug (D:2)
  4 giant geckos
  90 orcs
  3 ball pythons
  2 bat zombies (D:4)
  10 giant cockroaches
  8 goblins
  8 hobgoblins
  7 jackals
  8 quokkas
  15 bats
  3 giant newts
  A jackal skeleton (D:6)
  25 kobolds
  2 quokka skeletons
  A quokka zombie (D:7)
  14 rats
  3 rat zombies (D:4)
  3 fungi
1079 creatures vanquished.

Vanquished Creatures (collateral kills)
  3 vault guards (D:14)
  A merfolk aquamancer (Shoals:1)
  A death yak (Lair:8)
  2 orc knights (Orc:2)
  A necromancer (IceCv)
  A siren (Shoals:1)
  A yaktaur (D:14)
  A merfolk (Shoals:1)
  2 red devils (Lair:8)
  A two-headed ogre (D:10)
  A redback (Spider:1)
  2 wyverns (D:14)
  A hungry ghost (D:10)
  6 orc warriors
  An ogre (D:4)
  Blork the orc (D:6)
  6 wights
  A howler monkey (D:14)
  2 crimson imps (D:7)
  3 orc priests
  4 orc wizards
  A troll simulacrum (IceCv)
  2 worker ants (D:14)
  A sheep (D:14)
  2 gnolls
  An adder (D:8)
  24 orcs
  A giant newt (D:3)
  A kobold (D:15)
  A quokka zombie (D:7)
76 creatures vanquished.

Vanquished Creatures (others)
  A wolf spider (Spider:1)
  A slime creature (D:15)
  19 dancing weapons
  5 humans (D:15)
  A black bear (D:7)
  2 worker ants
  A hell rat (Lair:4)
  36 fungi
  18 plants
84 creatures vanquished.

Grand Total: 1239 creatures vanquished

Notes
Turn   | Place    | Note
--------------------------------------------------------------
     0 | D:1      | dvd the Felid Enchanter began the quest for the Orb.
     0 | D:1      | Reached XP level 1. HP: 7/7 MP: 4/4
     2 | D:1      | Noticed a ghoul
     4 | D:1      | Noticed a demonspawn
     6 | D:1      | Noticed a formicid
     6 | D:1      | Noticed a demigod
     8 | D:1      | Noticed an ogre
     8 | D:1      | Noticed a merfolk
    10 | D:1      | Noticed a vine stalker
    12 | D:1      | Noticed a spriggan
    12 | D:1      | Noticed a draconian
    14 | D:1      | Noticed a felid
    14 | D:1      | Noticed a minotaur
    16 | D:1      | Noticed a dwarf
    16 | D:1      | Noticed a gargoyle
    18 | D:1      | Noticed an elf
    18 | D:1      | Noticed a centaur
    20 | D:1      | Noticed a halfling
    22 | D:1      | Noticed a vampire
    22 | D:1      | Noticed a troll
    24 | D:1      | Noticed a tengu
    24 | D:1      | Noticed a naga
    26 | D:1      | Noticed a human
    26 | D:1      | Noticed an octopode
   319 | D:1      | Reached XP level 2. HP: 6/11 MP: 6/6
   507 | D:1      | Learned a level 2 spell: Ensorcelled Hibernation
  1221 | D:2      | Found a radiant altar of Vehumet.
  1253 | D:2      | Reached XP level 3. HP: 14/14 MP: 7/7
  1281 | D:2      | Found a shadowy altar of Dithmenos.
  1290 | D:2      | Became a worshipper of Dithmenos the Shadowed
  1507 | D:2      | Learned a level 3 spell: Confuse
  1519 | D:2      | Reached skill level 5 in Stealth
  1574 | D:2      | Found a blossoming altar of Fedhas.
  2024 | D:3      | Reached XP level 4. HP: 18/18 MP: 8/8
  2209 | D:3      | Found a basalt altar of Yredelemnul.
  2210 | D:3      | Found an iron altar of Okawaru.
  2757 | D:3      | Noticed RudyRod's ghost (amateur NaFi)
  2857 | D:4      | Killed from afar by an orc priest
  2858 | D:4      | Reached XP level 3. HP: -9/15 MP: 7/7
  3028 | D:4      | Reached skill level 6 in Stealth
  3028 | D:4      | Reached skill level 1 in Ice Magic
  3028 | D:4      | Reached XP level 4. HP: 9/18 MP: 5/9
  3196 | D:4      | Found a sparkling altar of Nemelex Xobeh.
  3196 | D:4      | Noticed an ogre
  3319 | D:4      | Reached skill level 5 in Hexes
  3493 | D:5      | Entered Level 5 of the Dungeon
  3742 | D:5      | Reached XP level 5. HP: 21/21 MP: 10/10
  3765 | D:5      | Learned a level 3 spell: Tukima's Dance
  3767 | D:5      | Found a staircase to the Ecumenical Temple.
  4029 | D:5      | Reached * piety under Dithmenos
  4201 | D:5      | Reached skill level 1 in Fighting
  4403 | D:5      | Gained mutation: You are covered in thick fur (AC +2). [Felid growth]
  4403 | D:5      | Reached XP level 6. HP: 25/25 MP: 1/11
  4436 | D:5      | Reached skill level 7 in Stealth
  5042 | D:4      | Reached XP level 7. HP: 28/28 MP: 1/13
  5162 | D:4      | Found an ancient bone altar of Kikubaaqudgha.
  5166 | D:4      | Reached ** piety under Dithmenos
  5509 | D:3      | Killed RudyRod's ghost
  6071 | Temple   | Entered the Ecumenical Temple
  6219 | D:5      | Reached skill level 8 in Stealth
  6238 | D:6      | Reached XP level 8. HP: 33/33 MP: 15/15
  6276 | D:6      | Noticed Blork the orc
  6293 | D:6      | Killed Blork the orc
  6464 | D:6      | Noticed Crazy Yiuf
  6486 | D:6      | Killed Crazy Yiuf
  6486 | D:6      | Reached skill level 5 in Spellcasting
  7087 | D:6      | Found a deep blue altar of Sif Muna.
  7323 | D:6      | Learned a level 3 spell: Dazzling Spray
  7375 | D:6      | Found Jaakhlir's Weapon Shop.
  7698 | D:6      | Reached skill level 9 in Stealth
  7796 | D:6      | Reached *** piety under Dithmenos
  7819 | D:6      | Reached XP level 9. HP: 26/37 MP: 12/18
  8411 | D:7      | Reached skill level 5 in Dodging
  8514 | D:7      | Reached skill level 10 in Hexes
  8627 | D:7      | You fall through a shaft!
  8797 | D:7      | Reached skill level 10 in Stealth
  8894 | D:7      | Found a shimmering altar of Xom.
  9287 | D:8      | Noticed RudyRod's ghost (novice NaFi)
  9455 | D:8      | Noticed Grum
  9459 | D:8      | Reached XP level 10. HP: 42/42 MP: 21/21
  9470 | D:8      | Reached **** piety under Dithmenos
  9509 | D:8      | Reached skill level 11 in Stealth
  9513 | D:8      | Killed Grum
 10247 | D:8      | Found a glowing golden altar of the Shining One.
 10247 | D:8      | Found a glowing silver altar of Zin.
 10247 | D:8      | Found a white marble altar of Elyvilon.
 10715 | D:8      | Killed RudyRod's ghost
 10963 | D:9      | Found an iron altar of Okawaru.
 11404 | D:9      | Reached skill level 12 in Stealth
 11859 | D:9      | Noticed a three-headed hydra
 12742 | D:9      | Reached XP level 11. HP: 45/45 MP: 5/23
 12845 | D:10     | Entered Level 10 of the Dungeon
 12861 | D:10     | Reached ***** piety under Dithmenos
 12994 | D:10     | Found Bawih's Weapon Shoppe.
 13071 | D:10     | Noticed a hill giant
 13085 | D:10     | Killed a hill giant
 13257 | D:10     | Found Cetoz's Armour Shoppe.
 13316 | D:10     | Found a staircase to the Orcish Mines.
 13713 | D:10     | Found a staircase to the Lair.
 13722 | D:10     | Reached skill level 13 in Stealth
 14106 | Lair:1   | Entered Level 1 of the Lair of Beasts
 14447 | Lair:1   | Found a white marble altar of Elyvilon.
 14827 | Lair:1   | Reached skill level 5 in Unarmed Combat
 14956 | Lair:1   | Reached skill level 14 in Stealth
 15081 | Lair:1   | Reached skill level 5 in Ice Magic
 15285 | Lair:1   | Reached skill level 1 in Conjurations
 15550 | Lair:2   | Gained mutation: Your thick and shaggy fur keeps you warm (AC +3, rC+). [Felid growth]
 15550 | Lair:2   | Reached XP level 12. HP: 49/49 MP: 22/25
 15756 | Lair:2   | Noticed a six-headed hydra
 16315 | Lair:2   | Reached skill level 15 in Stealth
 16723 | Lair:3   | Noticed Fannar
 16733 | Lair:3   | Killed Fannar
 16750 | Lair:3   | Found a staircase to the Shoals.
 17093 | Lair:2   | Killed a six-headed hydra
 17449 | Lair:3   | Reached skill level 16 in Stealth
 17765 | Lair:4   | Noticed a death yak
 17767 | Lair:4   | Noticed a death yak
 17767 | Lair:4   | Noticed a death yak
 17768 | Lair:4   | Killed a death yak
 17770 | Lair:4   | Killed a death yak
 17770 | Lair:4   | Reached skill level 10 in Spellcasting
 17770 | Lair:4   | Reached XP level 13. HP: 54/54 MP: 23/28
 18577 | Lair:5   | Noticed Nessos
 18603 | Lair:5   | Killed Nessos
 18652 | Lair:5   | Found a hole to the Spider Nest.
 18659 | Lair:5   | Reached skill level 5 in Fighting
 18820 | Lair:5   | Noticed Maud
 18860 | Lair:5   | Killed Maud
 18860 | Lair:5   | Reached skill level 15 in Hexes
 19049 | Lair:5   | Gained mutation: Your body sometimes deteriorates upon taking damage. [potion of mutation]
 19049 | Lair:5   | Gained mutation: Your flesh is cold resistant. [potion of mutation]
 19049 | Lair:5   | Gained mutation: You are occasionally teleported next to monsters. [potion of mutation]
 19086 | Lair:5   | Lost mutation: Your flesh is cold resistant. [potion of cure mutation]
 19086 | Lair:5   | Lost mutation: Your body sometimes deteriorates upon taking damage. [potion of cure mutation]
 19086 | Lair:5   | Lost mutation: You are occasionally teleported next to monsters. [potion of cure mutation]
 19230 | Lair:5   | Reached skill level 17 in Stealth
 21127 | Lair:7   | Reached skill level 18 in Stealth
 21302 | Lair:7   | Reached ****** piety under Dithmenos
 21544 | Lair:8   | Entered Level 8 of the Lair of Beasts
 21599 | Lair:7   | Learned a level 4 spell: Cause Fear
 21606 | Lair:7   | Learned a level 6 spell: Deflect Missiles
 21853 | Lair:8   | Reached skill level 1 in Charms
 21950 | Lair:8   | Reached XP level 14. HP: 58/58 MP: 29/29
 23062 | Lair:8   | Found a burning altar of Makhleb.
 23064 | Lair:8   | Found a gateway to Hell.
 24186 | D:11     | Reached skill level 1 in Air Magic
 24745 | D:12     | Reached skill level 5 in Charms
 24746 | D:12     | Reached skill level 19 in Stealth
 25443 | D:12     | Found Utit's Antique Armour Emporium.
 25570 | D:12     | Learned a level 8 spell: Discord
 25625 | Orc:1    | Entered Level 1 of the Orcish Mines
 25634 | Orc:1    | Noticed Josephine
 25883 | Orc:1    | Killed Josephine
 26031 | Orc:2    | Entered Level 2 of the Orcish Mines
 26136 | Orc:2    | Found a staircase to the Elven Halls.
 26256 | Orc:2    | Found a roughly hewn altar of Beogh.
 26476 | Orc:1    | Noticed Erica
 26478 | Orc:1    | Killed Erica
 27136 | Orc:2    | Noticed an orc warlord
 27175 | Orc:2    | Killed an orc warlord
 28470 | Orc:2    | Found Miallax's Antique Armour Shop.
 28472 | Orc:2    | Reached XP level 15. HP: 62/62 MP: 26/31
 28555 | Orc:2    | Found Otumupu's General Store.
 28555 | Orc:2    | Found Hatim's Jewellery Shop.
 28556 | Orc:2    | Found Ycada's Antique Weapon Boutique.
 28957 | D:13     | Found a frozen archway.
 29017 | IceCv    | Entered an ice cave
 29017 | IceCv    | Noticed Uberchile's ghost (novice FeFE)
 29023 | IceCv    | Killed Uberchile's ghost
 29200 | IceCv    | Noticed HopefulHyena's ghost (journeyman MiBe)
 29225 | IceCv    | HP: 3/62 [HopefulHyena's ghost (18)]
 29245 | IceCv    | Killed HopefulHyena's ghost
 30056 | D:13     | Found Ivvul's Assorted Antiques.
 30059 | D:13     | Bought a glowing fluorescent wand for 96 gold pieces
 30285 | D:13     | Noticed Snorg
 30290 | D:13     | Killed Snorg
 30624 | D:13     | Learned a level 4 spell: Summon Ice Beast
 30629 | D:13     | Learned a level 4 spell: Summon Lightning Spire
 30697 | D:14     | Found a labyrinth entrance.
 30977 | Lab      | Entered a labyrinth
 33349 | D:14     | Found a gate to the Vaults.
 34084 | Orc:2    | Bought an uncursed ring of protection from fire for 375 gold pieces
 34499 | Lair:8   | Found a staircase to the Slime Pits.
 34636 | Lair:8   | Reached skill level 20 in Stealth
 34710 | Lair:8   | Reached skill level 5 in Air Magic
 36027 | D:15     | Entered Level 15 of the Dungeon
 36040 | D:15     | Reached skill level 1 in Summonings
 36287 | D:15     | Reached XP level 16. HP: 66/66 MP: 33/33
 36502 | D:15     | Noticed Roxanne
 36729 | D:15     | Noticed Kirke
 36769 | D:15     | Killed Kirke
 36922 | D:15     | Reached skill level 1 in Invocations
 36962 | D:15     | Found a staircase to the Depths.
 37349 | D:15     | Noticed Agnes
 37353 | D:15     | Killed Agnes
 37823 | D:15     | Killed Roxanne
 37840 | D:15     | Learned a level 5 spell: Yara's Violent Unravelling
 38021 | Shoals:1 | Entered Level 1 of the Shoals
 39168 | Shoals:2 | HP: 1/67 [sea snake (22)]
 39168 | Shoals:2 | Demolished by a merfolk
 39169 | Shoals:2 | Reached XP level 15. HP: -16/63 MP: 28/32
 39286 | Spider:1 | Entered Level 1 of the Spider Nest
 39848 | Spider:1 | Gained mutation: Your flesh is heat resistant. [potion of beneficial mutation]
 40626 | Spider:2 | Slain by a wolf spider
 40627 | Spider:2 | Reached XP level 14. HP: -1/60 MP: 18/31
 40732 | Spider:2 | Noticed Arachne
 40850 | Spider:2 | Reached skill level 21 in Stealth
 40959 | Spider:2 | Killed from afar by Arachne

Skill      XL: |  1  2  3  4  5  6  7  8  9 10 11 12 13 14 15 16 |
---------------+-------------------------------------------------+-----
Stealth        | 6 7 8 9 10 12 14 16 18 21 20 | 21.0
Dodging        | 3 4 5 6 7 8 9 |  9.1
Ice Magic      | 1 2 3 4 5 6 7 |  7.9
Hexes          | 5 6 7 9 10 12 13 14 15 16 18 | 18.8
Fighting       | 1 2 3 4 5 6 |  6.3
Spellcasting   | 3 4 5 6 7 8 10 11 12 | 12.7
Unarmed Combat | 2 3 4 5 6 7 |  7.7
Conjurations   | 1 2 |  2.7
Charms         | 1 5 7 9 |  9.8
Air Magic      | 3 5 6 |  6.1
Summonings     | 1 |  1.7
Invocations    | 1 |  1.1

Action                   |  1- 3 |  4- 6 |  7- 9 | 10-12 | 13-15 | 16-18 || total
-------------------------+-------+-------+-------+-------+-------+-------++-------
Melee: Unarmed           |    72 |    83 |   336 |   412 |   835 |   160 ||  1898
       Bite              |     1 |     7 |    34 |    29 |    55 |    12 ||   138
       Punch             |       |       |     2 |     2 |     7 |     5 ||    16
 Cast: Corona            |    10 |       |       |       |       |       ||    10
       Ensorcelled Hiber |    27 |    41 |    66 |   196 |   309 |    20 ||   659
       Confuse           |     2 |    29 |    68 |    53 |   177 |    22 ||   351
       Tukima's Dance    |       |     4 |    25 |    41 |    56 |     6 ||   132
       Dazzling Spray    |       |       |     1 |    39 |   202 |    35 ||   277
       Summon Ice Beast  |       |       |       |       |    12 |     4 ||    16
       Cause Fear        |       |       |       |       |     2 |       ||     2
       Summon Lightning  |       |       |       |       |    14 |     5 ||    19
       Discord           |       |       |       |       |     1 |       ||     1
       Deflect Missiles  |       |       |       |       |       |     1 ||     1
Invok: Shadow Step       |       |       |       |     3 |    14 |     8 ||    25
Evoke: Wand              |       |       |       |       |     5 |       ||     5
       Deck              |       |       |       |       |     1 |       ||     1
  Use: Potion            |       |       |    10 |     2 |    12 |     3 ||    27
       Scroll            |       |       |    12 |     9 |    14 |     9 ||    44
 Stab: Sleeping          |    30 |    41 |    62 |   178 |   367 |    50 ||   728
       Confused          |     1 |     5 |    34 |    35 |    89 |    14 ||   178
       Distracted        |       |     1 |       |     2 |     5 |       ||     8
       Invisible         |       |       |       |    11 |    26 |       ||    37
  Eat: Chunk             |    11 |    17 |    15 |    17 |    45 |     6 ||   111
Armor: Skin              |     3 |       |    11 |    11 |    19 |     1 ||    45
Dodge: Dodged            |    48 |    41 |   200 |   341 |   689 |    71 ||  1390
       Deflected         |       |       |       |       |     1 |     6 ||     7
